 Dungeon Crawl Stone Soup version 0.17-a0-777-g32247ce (webtiles) character file.

2294 RobertPalmer the Slicer (level 9, -1/48 HPs)
             Began as a Kobold Hunter on Apr 25, 2015.
             Slain by an orc warrior
             ... wielding a cursed +0 halberd
              (24 damage)
             ... on level 6 of the Dungeon on Apr 26, 2015.
             The game lasted 00:18:15 (8816 turns).

RobertPalmer the Slicer (Kobold Hunter)             Turns: 8816, Time: 00:18:16

Health: -1/48      AC: 13    Str: 11    XL:     9   Next: 67%
Magic:  9/9        EV: 13    Int: 12    God:
Gold:   318        SH:  0    Dex: 18    Spells: 0 memorised, 8 levels left

rFire  . . .     SeeInvis +     b - +2 hand crossbow
rCold  . . .     Clarity  .     E - +5 ring mail of the Commoners {Dex+2}
rNeg   . . .     SustAb   +     (shield restricted)
rPois  .         Gourm    .     (no helmet)
rElec  .         Spirit   .     t - +1 cloak
rCorr  .         Warding  .     (no gloves)
rMut   .         Stasis   .     y - +0 pair of boots
MR     .....                    (no amulet)
Stlth  +.........               d - ring of see invisible {sInv, !d}
                                i - ring of sustain abilities {SustAb}

@: not resistant to hostile enchantments, very unstealthy
A: carnivore 3
a: no special abilities


You were on level 6 of the Dungeon.
You were not hungry.

You visited 1 branch of the dungeon, and saw 6 of its levels.
You also visited: Sewer.

You collected 318 gold pieces.

Inventory:

Hand weapons
 a - a +0 short sword
 b - a +2 hand crossbow (weapon)
Missiles
 n - 25 bolts (quivered)
Armour
 t - a +1 cloak (worn)
   (You took it off Crazy Yiuf on level 3 of the Dungeon)
 y - a +0 pair of boots (worn)
   (You found it on level 5 of the Dungeon)
 E - the +5 ring mail of the Commoners (worn) {Dex+2}
   (You found it on level 6 of the Dungeon)

   It affects your dexterity (+2).
Jewellery
 d - a ring of see invisible (right hand) {sInv, !d}
   (You found it on level 5 of the Dungeon)
 i - a ring of sustain abilities (left hand) {SustAb}
   (You found it on level 1 of the Dungeon)
 q - a cursed -2 ring of protection {unknown}
   (You found it on level 6 of the Dungeon)
 s - an uncursed ring of sustain abilities {SustAb}
   (You found it on level 3 of the Dungeon)
 D - a cursed ring of loudness {Stlth-}
   (You found it on level 6 of the Dungeon)
Magical devices
 w - a wand of magic darts (23)
   (You found it on level 5 of the Dungeon)
Scrolls
 f - 4 scrolls of remove curse
 o - a scroll of enchant armour
 r - a scroll of recharging
Potions
 c - a potion of heal wounds
 g - a potion of restore abilities
 k - 2 potions of flight
 l - a potion of lignification {unknown}
 p - 2 potions of curing
 u - 2 potions of berserk rage {unknown}
 v - 2 potions of mutation {unknown}
 x - a potion of degeneration {unknown}
 z - a potion of agility
 A - a potion of poison {unknown}
 C - a potion of invisibility {unknown}
Books
 m - a book of the Earth
   (You found it on level 3 of the Dungeon)
 B - a book of Summonings
   (You found it on level 5 of the Dungeon)
Comestibles
 e - a meat ration {@e2}
 h - a slice of pizza
 j - a royal jelly


   Skills:
 - Level 2.1 Fighting
 - Level 12.8 Short Blades
 + Level 9.3 Crossbows
 - Level 2.4 Dodging
 - Level 1.3 Stealth


You had 8 spell levels left.
You didn't know any spells.

Dungeon Overview and Level Annotations

Branches:
Dungeon (6/15)
 Temple: D:4-7

Altars:
The Shining One

Annotations:
D:3 Sigmund
D:4 Purgy


Innate Abilities, Weirdness & Mutations

You are small and have problems with some larger weapons.
You are carnivorous and can eat meat at any time.


Message History

You see here a bread ration {@e1}.
An ogre comes into view. It is wielding a giant club.
An ogre is nearby!
An ogre is nearby!
Health restored: 48 An ogre is nearby!
An ogre is nearby!
b - a +2 hand crossbow (weapon)
The ogre shouts!
Aim: an ogre, wielding a giant club You shoot a bolt.
The bolt completely misses the ogre.
Aim: an ogre, wielding a giant club You shoot a bolt.
The bolt hits the ogre!
Aim: an ogre, wielding a giant club (moderately wounded)
You shoot a bolt. The bolt hits the ogre!
Aim: an ogre, wielding a giant club (severely wounded)
You shoot a bolt. The bolt hits the ogre!
You kill the ogre!
No target in view!
Unknown command.
n - 37 bolts (gained 1)
You see here a giant club.
n - 38 bolts (gained 1)
n - 39 bolts (gained 1)
n - 40 bolts (gained 1)
An orc wizard comes into view. It is wielding a dagger.
The orc wizard shouts!
An orc warrior comes into view. It is wielding a halberd.
There are monsters nearby!
There are monsters nearby!
There are monsters nearby!
Aim: an orc wizard, wielding a dagger and wearing a robe You shoot a bolt.
The orc warrior shouts!
The bolt hits the orc wizard!
Aim: an orc warrior, wielding a halberd and wearing a plate armour You shoot a bolt.
The bolt completely misses the orc wizard.
The bolt hits the orc warrior!
Aim: an orc warrior, wielding a halberd and wearing a plate armour (moderately wounded)
You shoot a bolt. The orc wizard shouts!
The bolt hits the orc wizard but does no damage.
The orc wizard misses you.
Aim: an orc warrior, wielding a halberd and wearing a plate armour (moderately wounded)
You shoot a bolt. The bolt barely misses the orc wizard.
The bolt hits the orc warrior but does no damage.
The orc wizard hits you but does no damage.
An orc comes into view. It is wielding a dagger.
Aim: an orc warrior, wielding a halberd and wearing a plate armour (moderately wounded)
You shoot a bolt. The bolt barely misses the orc wizard.
The orc shouts!
The bolt hits the orc warrior.
The orc wizard misses you.
Aim: an orc warrior, wielding a halberd and wearing a plate armour (heavily wounded)
You shoot a bolt.
The bolt hits the orc warrior but does no damage.
Aim: an orc warrior, wielding a halberd and wearing a plate armour (heavily wounded)
You shoot a bolt.
The bolt hits the orc warrior but does no damage.
The orc warrior hits you from afar with a halberd.
The orc wizard gestures wildly while chanting.
The orc wizard flickers and vanishes for a moment.
You take 3 damage, and have 45/48 hp.
Aim: an orc warrior, wielding a halberd and wearing a plate armour (heavily wounded)
You shoot a bolt. The bolt hits the orc warrior!
The orc warrior misses you.
The orc wizard glows brightly for a moment.
The orc wizard gestures wildly while chanting.
The orc wizard seems to speed up.
Aim: an orc warrior, wielding a halberd and wearing a plate armour (severely wounded)
You shoot a bolt.
The bolt closely misses the orc warrior.
The bolt closely misses the orc wizard.
The orc warrior hits you from afar with a halberd!
You take 9 damage, and have 36/48 hp.
Aim: an orc warrior, wielding a halberd and wearing a plate armour (severely wounded)
You shoot a bolt. The bolt hits the orc warrior.
The orc wizard gestures wildly while chanting.
The orc wizard flickers and vanishes for a moment.
The orc warrior hits you from afar with a halberd!
You take 8 damage, and have 28/48 hp.
Aim: an orc warrior, wielding a halberd and wearing a plate armour (severely wounded)
You shoot a bolt. The bolt hits the orc warrior.
Aim: an orc warrior, wielding a halberd and wearing a plate armour (severely wounded)
You shoot a bolt.
The bolt hits the orc warrior but does no damage.
The orc warrior hits you but does no damage.
Aim: an orc warrior, wielding a halberd and wearing a plate armour (severely wounded)
You shoot a bolt. The bolt barely misses the orc warrior.
The bolt hits the orc wizard!
You kill the orc wizard!
The orc warrior hits you from afar with a halberd.
You take 5 damage, and have 23/48 hp.
Aim: an orc warrior, wielding a halberd and wearing a plate armour (severely wounded)
You shoot a bolt. The bolt hits the orc warrior.
The orc warrior hits you but does no damage.
Aim: an orc warrior, wielding a halberd and wearing a plate armour (almost dead)
You shoot a bolt. The bolt hits the orc warrior.
The orc warrior hits you from afar with a halberd!!
Ouch! That really hurt!
You die...

<............##.#.#
#..........#.##.#.##
#[........##..#....#
...........##......# #######
#.....#..#...##....# ##......#
#.)..###.###....######........
.....###.#....### #..........
.............)..#####.<........
)...#..#.....#..@.oo....(......
....##)......######o((........
##...........# ##.(........
##.##..###...#########.(......
##..........)##...# ........
....######..[.....# .......
##.## ######...# ....>.
#..###########...# ....
##...............#


You could see an orc warrior, an orc wizard (invisible) and an orc.

Vanquished Creatures
  The ghost of Nr616 the Grappler, an experienced NaMo (D:5)
  Grinder (D:4)
  A deep elf mage (D:5)
  Edmund (D:4)
  4 ogres
  A phantom (D:4)
  2 giant frogs
  A crocodile (Sewer)
  A scorpion (D:5)
  A giant frog zombie (D:5)
  A crimson imp (D:6)
  3 hounds
  Crazy Yiuf (D:3)
  Ijyb (D:3)
  A jelly (D:5)
  An orc priest (D:3)
  3 orc wizards
  3 giant frog skeletons
  2 iguanas
  Natasha (twice) (D:3)
  6 worker ants
  A worker ant zombie (D:5)
  5 adders
  An ooze (D:2)
  2 worms (D:2)
  5 giant geckos
  16 orcs
  A ball python (D:4)
  5 giant cockroaches
  13 hobgoblins
  2 quokkas
  A ball python zombie (D:5)
  8 bats
  8 giant newts
  10 goblins
  11 jackals
  23 kobolds
  12 rats
162 creatures vanquished.

Notes
Turn   | Place    | Note
--------------------------------------------------------------
     0 | D:1      | RobertPalmer, the Kobold Hunter, began the quest for the Orb.
     0 | D:1      | Reached XP level 1. HP: 12/12 MP: 1/1
   115 | D:1      | HP: 3/12 [giant gecko (1)]
   123 | D:1      | Reached skill level 1 in Short Blades
   347 | D:1      | Reached skill level 2 in Short Blades
   347 | D:1      | Reached XP level 2. HP: 17/17 MP: 2/2
   657 | D:1      | Reached skill level 3 in Short Blades
   690 | D:1      | Reached XP level 3. HP: 16/21 MP: 3/3
  1241 | D:1      | Reached skill level 4 in Short Blades
  1388 | D:2      | Reached XP level 4. HP: 22/26 MP: 4/4
  1613 | D:2      | Reached skill level 5 in Short Blades
  1924 | D:3      | Reached XP level 5. HP: 28/30 MP: 5/5
  2363 | D:3      | Reached skill level 6 in Short Blades
  2441 | D:3      | Noticed Sigmund
  2512 | D:3      | Noticed Ijyb
  2544 | D:3      | Killed Ijyb
  2625 | D:3      | Noticed Crazy Yiuf
  2629 | D:3      | Killed Crazy Yiuf
  2744 | D:4      | Noticed Purgy
  2745 | D:4      | Noticed Edmund
  2830 | D:3      | HP: 7/30 [poisoned by an orc]
  2835 | D:3      | HP: 5/30 [poisoned by an orc]
  2965 | D:3      | Noticed Natasha
  2971 | D:3      | Killed Natasha
  2971 | D:3      | Reached skill level 7 in Short Blades
  2971 | D:3      | Reached XP level 6. HP: 30/35 MP: 6/6
  3023 | D:3      | Noticed Natasha
  3027 | D:3      | Killed Natasha
  3396 | D:4      | Reached skill level 8 in Short Blades
  3824 | D:4      | Noticed Grinder
  3838 | D:4      | Killed Grinder
  3838 | D:4      | Reached skill level 9 in Short Blades
  3838 | D:4      | Reached XP level 7. HP: 35/40 MP: 7/7
  3861 | D:4      | Noticed an ogre
  3875 | D:4      | Killed an ogre
  3875 | D:4      | Reached skill level 10 in Short Blades
  4153 | D:4      | HP: 4/40 [orc priest/nerve-wracking pain (14)]
  4582 | D:4      | Noticed an ogre
  5029 | D:3      | Reached XP level 8. HP: 39/44 MP: 8/8
  5365 | D:4      | Reached skill level 11 in Short Blades
  5433 | D:4      | Killed Edmund
  5522 | D:4      | Killed an ogre
  6043 | D:4      | Reached skill level 12 in Short Blades
  6435 | D:5      | Entered Level 5 of the Dungeon
  6502 | D:5      | Noticed Nr616's ghost (experienced NaMo)
  6533 | D:5      | HP: 5/44 [deep elf mage/stone arrow (25)]
  6787 | D:5      | Reached skill level 5 in Crossbows
  6787 | D:5      | Reached XP level 9. HP: 37/48 MP: 9/9
  6832 | D:5      | Found a glowing drain.
  6839 | Sewer    | Entered a sewer
  7376 | D:5      | Reached skill level 6 in Crossbows
  7556 | D:5      | Reached skill level 7 in Crossbows
  7652 | D:5      | You fall through a shaft!
  7732 | D:5      | Found a glowing golden altar of the Shining One.
  7878 | D:5      | Killed Nr616's ghost
  7878 | D:5      | Reached skill level 8 in Crossbows
  8179 | D:6      | HP: 11/48 [iguana (3)]
  8565 | D:6      | Got a heavily runed ring mail
  8567 | D:6      | Identified the +5 ring mail of the Commoners {Dex+2} (You found it on level 6 of the Dungeon)
  8685 | D:6      | Reached skill level 9 in Crossbows
  8816 | D:6      | Slain by an orc warrior

Action                   |  1- 3 |  4- 6 |  7- 9 || total
-------------------------+-------+-------+-------++-------
Melee: Short sword       |   140 |   219 |   288 ||   647
 Fire: Hand crossbow     |    14 |    70 |   117 ||   201
  Use: Scroll            |       |     9 |     5 ||    14
       Potion            |       |     4 |     3 ||     7
 Stab: Sleeping          |       |     1 |     4 ||     5
       Distracted        |       |     1 |       ||     1
  Eat: Chunk             |     3 |    10 |    10 ||    23
       Meat ration       |       |     1 |       ||     1

Vault maps used:
D:1:      dpeg_arrival_court, nrook_loot_triangle
D:3:      first_bread, minmay_misc_feat_four_crosses, uniq_sigmund,
          uniq_crazy_yiuf_cottage, uniq_natasha, uniq_iyjb
D:4:      uniq_purgy, uniq_edmund, uniq_grinder
D:5:      erik_ogre, lightli_sewer_entry_pipes, tso_metal_star
Sewer:    kennysheep_door_sewer

Table legend:
 A = Turns spent in this place as a percentage of turns spent in the entire game.
 B = Non-inter-level travel turns spent in this place as a percentage of non-inter-level travel turns spent in the entire game.
 C = Inter-level travel turns spent in this place as a percentage of turns spent in this place.
 D = Turns resting spent in this place as a percentage of non-inter-level travel turns spent in this place.
 E = Turns spent auto-exploring this place as a percentage of non-inter-level travel turns spent in this place.
 F = Non-inter-level travel turns spent in this place divided by the number of levels of this place that you've seen.
                   A       B       C       D       E      F
               +-------+-------+-------+-------+-------+----------------------
         Total | 100.0 | 100.0 |   0.9 |   2.6 |   6.5 | 388.1
       Dungeon |  96.9 |  96.8 |   1.0 |   2.6 |   6.2 | 438.5
         Sewer |   3.1 |   3.2 |   0.0 |   2.3 |  16.3 |  86.0
               +-------+-------+-------+-------+-------+----------------------

Table legend:
 A = Kills in this place as a percentage of kills in entire the game.
 B = Kills by you in this place as a percentage of kills by you in the entire game.
 C = Kills by friends in this place as a percentage of kills by friends in the entire game.
 D = Other kills in this place as a percentage of other kills in the entire game.
 E = Experience gained in this place as a percentage of experience gained in the entire game.
 F = Experience gained in this place divided by the number of levels of this place that you have seen.
                   A       B       C       D       E      F
               +-------+-------+-------+-------+-------+----------------------
         Total | 100.0 | 100.0 |  -nan |  -nan | 100.0 | 468.3
       Dungeon |  96.3 |  96.3 |  -nan |  -nan |  97.1 | 530.5
         Sewer |   3.7 |   3.7 |  -nan |  -nan |   2.9 |  95.0
               +-------+-------+-------+-------+-------+----------------------
